 Dungeon Crawl Stone Soup version 0.20.0-8-g6b59dc7 (webtiles) character file.

36726 Peloso the Fencer (level 13, 0/118 HPs)
             Began as a Minotaur Fighter on May 31, 2017.
             Was the Champion of Okawaru.
             Splashed by an acid blob's acid (8 damage)
             ... on level 5 of the Lair of Beasts.
             The game lasted 00:47:47 (15509 turns).

Peloso the Fencer (Minotaur Fighter)               Turns: 15509, Time: 00:47:53

Health: 0/118      AC: 21    Str: 23    XL:     13   Next: 54%
Magic:  12/12      EV:  6    Int:  5    God:    Okawaru [******]
Gold:   1232       SH: 15    Dex: 16    Spells: 12/12 levels left

rFire    + . .     SeeInvis .   S - +2 double sword (protect)
rCold    + . .     Gourm    .   c - +0 shield
rNeg     . . .     Faith    +   H - +0 crystal plate armour
rPois    +         Spirit   .   (helmet restricted)
rElec    .         Reflect  .   L - scarf {rC+ rF+}
rCorr    .         Harm     .   G - +1 pair of gloves {Dex+3}
MR       .....                  y - +1 pair of boots
Stlth    ..........             b - amulet of faith
Regen    0.3/turn               K - ring of poison resistance
MPRegen  0.2/turn               (no ring)

@: corroded, protection aura
A: retaliatory headbutt, horns 2
a: Heroism, Finesse, Renounce Religion


You were on level 5 of the Lair of Beasts.
You worshipped Okawaru.
Okawaru was exalted by your worship.
You were near starving.

You visited 2 branches of the dungeon, and saw 15 of its levels.
You also visited: Ossuary and Bailey.

You collected 1364 gold pieces.
You spent 132 gold pieces at shops.

Inventory:

Hand Weapons
 l - the +9 hand axe of Death {freeze, +Inv rF- Int+6}
   (You found it on level 2 of the Lair of Beasts)

   It has been specially enchanted to freeze those struck by it, causing extra
   injury to most foes and up to half again as much damage against particularly
   susceptible opponents.
   It can also slow down cold-blooded creatures.
   It affects your intelligence (+6).
   It makes you vulnerable to fire.
   It lets you turn invisible.
 B - the +7 demon blade of Ucwifrot {freeze, +Rage Int+4}
   (Okawaru gifted it to you on level 4 of the Lair of Beasts)

   It has been specially enchanted to freeze those struck by it, causing extra
   injury to most foes and up to half again as much damage against particularly
   susceptible opponents.
   It can also slow down cold-blooded creatures.
   It affects your intelligence (+4).
   It lets you go berserk.
 Q - a +1 scimitar of flaming
 S - a +2 double sword of protection (weapon)
Armour
 c - a +0 shield (worn)
 y - a +1 pair of boots (worn)
 G - a +1 pair of gloves of dexterity (worn)
 H - a +0 crystal plate armour (worn)
 L - a scarf of resistance (worn)
Jewellery
 a - an uncursed ring of ice
 b - an amulet of faith (around neck)
 t - an uncursed ring of magical power
 F - an uncursed ring of protection from fire
 K - a ring of poison resistance (left hand)
 X - an uncursed ring of fire
Wands
 k - a wand of iceblast (6/15)
 q - a wand of clouds (4/9)
 A - a wand of digging (19/24)
 E - a wand of acid (7/15)
 P - a wand of lightning (2/15)
 R - a wand of acid (11/15)
 U - a wand of scattershot (1/9)
Scrolls
 e - a scroll of fog
 g - 9 scrolls of remove curse
 u - 3 scrolls of identify
 v - a scroll of magic mapping
 x - 4 scrolls of teleportation
 J - 3 scrolls of recharging
Potions
 d - a potion of might
 h - 2 potions of magic
 i - 2 potions of resistance
 j - 3 potions of flight
 n - a potion of invisibility
 r - 2 potions of brilliance
 s - 6 potions of curing
 C - 3 potions of heal wounds
 D - 6 potions of agility
Books
 w - a book of Cantrips

   Spells                             Type                      Level
   a - Confusing Touch                Hexes                        1
   b - Animate Skeleton               Necromancy                   1
   c - Summon Small Mammal            Summoning                    1
   d - Apportation                    Translocation                1
Comestibles
 f - 17 bread rations
 m - 15 royal jellies
 o - 12 meat rations
 p - 9 fruits


   Skills:
 + Level 12.1 Fighting
 + Level 16.4 Long Blades
 + Level 11.4 Armour
 + Level 3.7 Dodging
 + Level 1.1 Stealth
 + Level 16.0 Shields
 + Level 0.8 Invocations
 + Level 0.1 Evocations


You had 12 spell levels left.
You didn't know any spells.

Dungeon Overview and Level Annotations

Branches:
Dungeon (10/15)            Temple (0/1) D:5            Lair (5/6) D:9
  Swamp (0/4) Lair:2       Spider (0/4) Lair:2        Slime (0/5) Lair:5
    Orc: D:9-12

Altars:
Cheibriados
Dithmenos
Elyvilon
Fedhas
Hepliaklqana
Kikubaaqudgha
Okawaru
Qazlal
Ru
Sif Muna
Uskayaw
Yredelemnul
The Shining One
Jiyva

Shops:
D:6 *

Portals:
Trove: D:10 (give +2 ice dragon scales)


Innate Abilities, Weirdness & Mutations

You reflexively headbutt those who attack you in melee.
You have a pair of horns on your head.


Message History

Unknown command.
You slash the acid blob!
Your hands burn!
The acid blob is severely wounded.
The acid blob hits you but does no damage.
You barely miss the acid blob. You headbutt the acid blob.
The acid blob is severely wounded.
The acid blob spits acid at you. The splash of acid hits you!
* * * LOW HITPOINT WARNING * * *
The acid corrodes you!
You are splashed with acid!
The acid burns!
* * * LOW HITPOINT WARNING * * *
Unknown command.
You hit the acid blob but do no damage.
Your hands burn!
* * * LOW HITPOINT WARNING * * *
You headbutt the acid blob!
The acid blob is almost dead.
The acid blob hits you!
* * * LOW HITPOINT WARNING * * *
You are splashed with acid!
The acid burns!
You die...

##### #### #...### ##..##
.P..#.###.#..### ### ####
...............# ####.########..#
..PP...#######.###......#.##...##
.#...#..P..##P..................#
................####....##...#.#.
#................#####.P#...P...#
..#.............@#...#....PP[..##
#.#......##......J_.>#.P##.P.P.##
#......P####..##.#...#####..#...#
........# #..######### ##......#
.#...#### #..##....#.# #.P..P...
..#..# #.........## #.P..P..#
.....# ##...#..?.#####....#..#
.....# #..##.##..###..)#....##
<....# #..######..........#.P#


You could see an acid blob.

Vanquished Creatures
  An acid blob (Lair:5)
  Harold (D:10)
  Erica (D:8)
  6 hydras
  4 two-headed ogres
  A death yak (Lair:4)
  Urug (Lair:5)
  An unseen horror (D:10)
  Maurice (D:10)
  Joseph (D:8)
  3 black mambas
  4 spiny frogs
  5 komodo dragons
  3 torpor snails (Lair:4)
  3 rime drakes
  A queen bee (D:9)
  2 trolls (D:10)
  A polar bear (Lair:1)
  22 blink frogs
  4 hippogriffs
  Prince Ribbit (D:9)
  A wyvern (Lair:5)
  18 yaks
  4 hogs (D:8)
  A human (D:8)
  A hungry ghost (D:8)
  5 basilisks
  3 wargs (D:9)
  Duvessa (D:4)
  6 water moccasins
  3 porcupines
  2 sky beasts
  3 ice beasts
  A black bear (D:5)
  13 orc warriors
  4 ogres
  2 necrophages
  11 centaurs
  2 phantoms
  8 crocodiles
  An elf zombie (Ossuary)
  3 big kobolds
  Blork the orc (D:5)
  12 bullfrogs
  Dowan (D:4)
  7 scorpions
  A water moccasin skeleton (D:8)
  20 killer bees
  4 wights (D:9)
  An electric eel (Lair:3)
  8 crimson imps
  2 bullfrog zombies
  A centaur zombie (D:7)
  5 hounds
  4 orc priests
  2 jellies
  4 orc wizards
  Crazy Yiuf (D:7)
  A bullfrog skeleton (D:6)
  2 centaur skeletons (D:4)
  2 iguanas
  9 worker ants
  2 hell rats (Lair:3)
  2 big kobold zombies (Ossuary)
  A hound zombie (D:7)
  A hound skeleton (D:4)
  A howler monkey zombie (D:5)
  2 mummies (Ossuary)
  Robin (D:3)
  A worker ant zombie (D:9)
  10 adders
  12 river rats (Lair:3)
  A shadow imp (D:9)
  An adder skeleton (D:4)
  4 worms
  4 dart slugs
  10 leopard geckos
  60 orcs
  8 giant cockroaches
  18 goblins
  9 hobgoblins
  24 jackals
  8 quokkas
  7 bats
  2 frilled lizards
  A giant cockroach zombie (D:6)
  3 gnoll zombies (Ossuary)
  2 goblin zombies (Ossuary)
  A jackal zombie (D:5)
  19 kobolds
  2 leopard gecko skeletons
  A leopard gecko zombie (D:6)
  6 orc zombies (Ossuary)
  A quokka skeleton (D:4)
  3 rats
  A fungus (D:7)
477 creatures vanquished.

Vanquished Creatures (collateral kills)
  An adder (D:9)
1 creature vanquished.

Vanquished Creatures (others)
  2 orc wizards
  A fungus (Lair:2)
3 creatures vanquished.

Grand Total: 481 creatures vanquished

Notes
Turn   | Place    | Note
-------+----------+-------------------------------------------
     0 | D:1      | Peloso the Minotaur Fighter began the quest for the Orb.
     0 | D:1      | Reached XP level 1. HP: 19/19 MP: 0/0
   119 | D:1      | Reached XP level 2. HP: 22/27 MP: 1/1
   452 | D:1      | Reached XP level 3. HP: 26/33 MP: 2/2
  1039 | D:2      | Found a hide-covered altar of Uskayaw.
  1041 | D:2      | Found a stormy altar of Qazlal.
  1042 | D:2      | Found an iron altar of Okawaru.
  1042 | D:2      | Found a shadowy altar of Dithmenos.
  1042 | D:2      | Found a sacrificial altar of Ru.
  1042 | D:2      | Found an ancient bone altar of Kikubaaqudgha.
  1056 | D:2      | Became a worshipper of Warmaster Okawaru
  1084 | D:2      | Found a transporter.
  1121 | D:2      | Found a transporter.
  1128 | D:2      | Found a hazy altar of Hepliaklqana.
  1643 | D:3      | Reached XP level 4. HP: 40/40 MP: 3/3
  1777 | D:3      | Found a basalt altar of Yredelemnul.
  1846 | D:3      | Noticed Robin
  1889 | D:3      | Killed Robin
  1889 | D:3      | Reached XP level 5. HP: 31/47 MP: 4/4
  1965 | D:3      | Noticed a phantom
  1993 | D:3      | Killed a phantom
  1993 | D:3      | Reached skill level 5 in Shields
  2088 | D:4      | Reached * piety under Okawaru
  2088 | D:4      | Reached skill level 1 in Dodging
  2096 | D:4      | Reached XP level 6. HP: 53/53 MP: 5/5
  2221 | D:4      | Reached skill level 5 in Armour
  2413 | D:4      | Reached skill level 5 in Fighting
  2416 | D:4      | Found a white marble altar of Elyvilon.
  2416 | D:4      | Noticed Duvessa
  2416 | D:4      | Noticed Dowan
  2432 | D:4      | Killed Duvessa
  2432 | D:4      | Reached ** piety under Okawaru
  2432 | D:4      | Reached skill level 5 in Long Blades
  2442 | D:4      | Killed Dowan
  2442 | D:4      | Reached XP level 7. HP: 33/61 MP: 6/6
  3085 | D:5      | Entered Level 5 of the Dungeon
  3096 | D:5      | Noticed Blork the orc
  3097 | D:5      | Found a sand-covered staircase.
  3129 | D:5      | Killed Blork the orc
  3201 | Ossuary  | Entered an ossuary
  3280 | Ossuary  | Reached *** piety under Okawaru
  3552 | D:5      | Reached XP level 8. HP: 70/70 MP: 7/7
  3953 | D:5      | Found a staircase to the Ecumenical Temple.
  4227 | D:6      | Found Nyane's General Store.
  4242 | D:6      | Reached **** piety under Okawaru
  4246 | D:6      | Bought a scroll of identify for 22 gold pieces
  4246 | D:6      | Bought a scroll of teleportation for 33 gold pieces
  4246 | D:6      | Bought a scroll of remove curse for 33 gold pieces
  4246 | D:6      | Bought a potion of agility for 44 gold pieces
  4405 | D:6      | Found a blossoming altar of Fedhas.
  4690 | D:6      | Reached XP level 9. HP: 63/78 MP: 8/8
  5570 | D:7      | Reached ***** piety under Okawaru
  6253 | D:7      | Found a runed door.
  6257 | D:7      | Noticed Crazy Yiuf
  6263 | D:7      | Killed Crazy Yiuf
  6348 | D:8      | Noticed Erica
  6364 | D:8      | Killed Erica
  6364 | D:8      | Received a gift from Okawaru
  6364 | D:8      | Reached skill level 10 in Long Blades
  6491 | D:8      | Found a snail-covered altar of Cheibriados.
  6573 | D:8      | Noticed a two-headed ogre
  6578 | D:8      | Noticed Joseph
  6580 | D:8      | Killed a two-headed ogre
  6580 | D:8      | Reached skill level 10 in Shields
  6580 | D:8      | Reached XP level 10. HP: 52/88 MP: 9/9
  6607 | D:8      | Killed Joseph
  7003 | D:8      | Received a gift from Okawaru
  7238 | D:9      | Noticed a two-headed ogre
  7241 | D:9      | Killed a two-headed ogre
  7414 | D:9      | Found a flagged portal.
  7429 | Bailey   | Entered a bailey
  7610 | Bailey   | Reached ****** piety under Okawaru
  7610 | Bailey   | Reached skill level 1 in Stealth
  7744 | Bailey   | Received a gift from Okawaru
  8082 | Bailey   | Reached XP level 11. HP: 73/95 MP: 10/10
  8123 | Bailey   | Got a translucent executioner's axe
  9262 | D:9      | Found a staircase to the Lair.
  9842 | D:9      | Found a deep blue altar of Sif Muna.
  9880 | D:9      | Noticed Prince Ribbit
 10081 | D:9      | Killed Prince Ribbit
 10233 | D:10     | Entered Level 10 of the Dungeon
 10286 | D:10     | Noticed Harold
 10304 | D:10     | Killed Harold
 10347 | D:10     | Found a portal to a secret trove of treasure.
 10395 | D:10     | Got an encrusted dagger
 10505 | D:10     | Received a gift from Okawaru
 10515 | D:10     | Identified the +6 dagger "Transmigrator" {freeze, rN+ Stlth+} (You found it on level 10 of the Dungeon)
 10566 | D:10     | Noticed a two-headed ogre
 10572 | D:10     | Killed a two-headed ogre
 10582 | D:10     | Found a glowing golden altar of the Shining One.
 10958 | D:10     | Noticed Maurice
 10968 | D:10     | Killed Maurice
 11008 | D:10     | Killed an unseen horror
 11210 | D:10     | Noticed a two-headed ogre
 11225 | D:10     | Killed a two-headed ogre
 11225 | D:10     | Reached skill level 10 in Fighting
 11225 | D:10     | Reached XP level 12. HP: 106/106 MP: 11/11
 11412 | Lair:1   | Entered Level 1 of the Lair of Beasts
 11554 | Lair:1   | Reached skill level 10 in Armour
 12330 | Lair:2   | Found a hole to the Spider Nest.
 12558 | Lair:2   | Found a staircase to the Swamp.
 12558 | Lair:2   | Noticed a seven-headed hydra
 12562 | Lair:2   | Received a gift from Okawaru
 12567 | Lair:2   | Killed a four-headed hydra
 12811 | Lair:2   | Got a dazzling hand axe
 12812 | Lair:2   | Identified the +9 hand axe of Death {freeze, +Inv rF- Int+6} (You found it on level 2 of the Lair of Beasts)
 12907 | Lair:2   | Reached skill level 15 in Shields
 12939 | Lair:3   | Noticed an eight-headed hydra
 12952 | Lair:3   | Killed a three-headed hydra
 13416 | Lair:3   | Reached skill level 15 in Long Blades
 13850 | Lair:4   | Noticed a death yak
 13866 | Lair:4   | Killed a death yak
 13869 | Lair:4   | Noticed a six-headed hydra
 13876 | Lair:4   | Killed a two-headed hydra
 13989 | Lair:4   | Noticed a six-headed hydra
 13997 | Lair:4   | Killed a two-headed hydra
 13997 | Lair:4   | Reached XP level 13. HP: 99/116 MP: 12/12
 14464 | Lair:4   | Received a gift from Okawaru
 14487 | Lair:4   | Got a polished demon blade {god gift}
 14488 | Lair:4   | Identified the +7 demon blade of Ucwifrot {freeze, +Rage Int+4} (Okawaru gifted it to you on level 4 of the Lair of Beasts)
 14832 | Lair:5   | Found a runed door.
 14832 | Lair:5   | Found a viscous altar of Jiyva.
 14836 | Lair:5   | Found a staircase to the Slime Pits.
 14836 | Lair:5   | Noticed an acid blob
 14836 | Lair:5   | Noticed an acid blob
 14913 | Lair:5   | Noticed Urug
 14924 | Lair:5   | Killed Urug
 15503 | Lair:5   | Killed an acid blob
 15503 | Lair:5   | Received a gift from Okawaru
 15509 | Lair:5   | Splashed by an acid blob's acid

Skill      XL: |  1  2  3  4  5  6  7  8  9 10 11 12 13 |
---------------+----------------------------------------+-----
Fighting       | 4 5 6 7 8 10 11 12 | 12.1
Armour         | 4 5 6 8 9 10 11 | 11.4
Long Blades    | 3 4 5 6 8 10 12 13 15 16 | 16.4
Shields        | 4 5 6 8 10 11 14 15 16 | 16.0
Dodging        | 1 2 3 |  3.7
Stealth        | 1 |  1.1
Invocations    | |  0.8
Evocations     | |  0.1

Action                   |  1- 3 |  4- 6 |  7- 9 | 10-12 | 13-15 || total
-------------------------+-------+-------+-------+-------+-------++-------
Melee: Long sword        |   123 |   165 |   395 |       |       ||   683
       Headbutt          |    21 |    30 |   100 |   181 |    63 ||   395
       Scimitar          |       |       |    30 |    98 |    12 ||   140
       Double sword      |       |       |       |   684 |   194 ||   878
Invok: Heroism           |       |       |     2 |     2 |       ||     4
Evoke: Wand              |       |       |       |     1 |       ||     1
  Use: Potion            |       |     1 |       |     5 |       ||     6
       Scroll            |       |       |     6 |    13 |     3 ||    22
  Eat: Chunk             |     3 |     2 |    12 |    25 |     3 ||    45
       Royal jelly       |       |       |     1 |       |       ||     1
Armor: Scale mail        |    70 |     5 |       |       |       ||    75
       Chain mail        |       |    85 |   178 |    47 |       ||   310
       Crystal plate arm |       |       |       |   427 |    88 ||   515
       Plate armour      |       |       |       |     3 |       ||     3
Dodge: Dodged            |    45 |    40 |    96 |   141 |    29 ||   351
Block: Shield            |    81 |    92 |   238 |   641 |   110 ||  1162
       Rpst.: Long sword |    10 |    15 |    24 |       |       ||    49
       Scimitar          |       |       |       |     8 |       ||     8
       Double sword      |       |       |       |    20 |     7 ||    27
